 Dungeon Crawl Stone Soup version 0.30.0 (webtiles) character file.

Game seed: 5526312018607987215

106 PurpleRed the Magician (level 4, -7/24 HPs)
             Began as a Deep Elf Fire Elementalist on May 17, 2023.
             Killed by miscasting Flame Wave (11 damage)
             ... on level 4 of the Dungeon.
             The game lasted 00:08:19 (1154 turns).

PurpleRed the Magician (Deep Elf Fire Elementalist) Turns: 1154, Time: 00:08:19

Health: -7/24      AC:  4    Str:  5    XL:     4   Next: 55%
Magic:  3/12       EV: 12    Int: 22    God:
Gold:   124        SH:  0    Dex: 15    Spells: 4/11 levels left

rFire   . . .        q - +0 longbow
rCold   . . .        (shield currently unavailable)
rNeg    . . .        a - +0 robe
rPois   .            n - +1 hat
rElec   .            (no cloak)
rCorr   .            (no gloves)
SInv    .            c - +0 pair of boots
Will    .....        (no amulet)
Stlth   ++           o - +4 ring of slaying
HPRegen 0.24/turn    (no ring)
MPRegen 0.13/turn

%: no passive effects
@: very slightly contaminated
A: no striking features
a: no special abilities


You were on level 4 of the Dungeon.
You visited 1 branch of the dungeon, and saw 4 of its levels.

You collected 124 gold pieces.

Inventory:

Hand Weapons
 d - a +0 dagger
 h - a +0 short sword
 j - a +0 sling
 q - a +0 longbow (weapon)
Missiles
 g - 2 boomerangs of dispersal
 k - 9 boomerangs
Armour
 a - a +0 robe (worn)
 c - a +0 pair of boots (worn)
 l - a +0 helmet
 n - a +1 hat (worn)
Magical Staves
 s - a staff of cold
Jewellery
 o - a +4 ring of slaying (left hand)
Scrolls
 f - 5 scrolls of identify {unknown}
 m - a scroll of vulnerability {unknown}
 r - a scroll of torment {unknown}
Potions
 b - a potion of magic
 e - a potion of haste {unknown}
 p - a potion of lignification {unknown}
 t - a potion of flight {unknown}


   Skills:
 - Level 2.4 Dodging
 - Level 2.4 Stealth
 + Level 4.4 Spellcasting
 + Level 2.8 Conjurations
 + Level 4.3 Fire Magic


You had 4 spell levels left.
You knew the following spells:

 Your Spells              Type           Power      Damage    Failure   Level
a - Foxfire               Conj/Fire      80%        2x1d8     2%          1
b - Scorch                Fire           48%        2d7       2%          2
c - Flame Wave            Conj/Fire      20%        2d7       24%         4

Your spell library contained the following spells:

 Spells                   Type           Power      Damage    Failure   Level
 Inner Flame              Hex/Fire       14%        N/A       13%         3
 Volatile Blastmotes      Fire/Tloc      28%        2d12      13%         3
 Passage of Golubria      Tloc           4%         N/A       71%         4
 Silence                  Hex/Air        2%         N/A       96%         5
 Lehudib's Crystal Spear  Conj/Erth      5%         10d3      100%        8


Dungeon Overview and Level Annotations

Branches:
Dungeon (4/15)
 Temple: D:4-7

Altars:
Makhleb

Annotations:
D:4 Eustachio


Message History

* * * LOW HITPOINT WARNING * * *
The ufetubus shouts!
Eustachio casts a spell.
Eustachio blinks!
The bat closely misses you.
The white imp hits you but does no damage.
The white imp closely misses you. The river rat attacks as you move away!
The river rat barely misses you. The bat hits you but does no damage.
The bat attacks as you move away! The bat closely misses you.
The white imp attacks as you move away! The white imp closely misses you.
The bat misses you. The bat barely misses you.
The white imp attacks as you move away!
The white imp hits you but does no damage.
The bat hits you but does no damage.
The white imp grinds its teeth.
You feel better.
Fire: q) +0 longbow
Press: ? - help, Q - select action, (/) - cycle Shift-Dir - straight line, f - river rat
Aim: a river rat (summoned, 57% to hit)
You shoot an arrow. The arrow hits the river rat!
The river rat is severely wounded.
The bat hits you but does no damage. The river rat misses you.
The river rat bites you.
Fire: q) +0 longbow
Press: ? - help, Q - select action, (/) - cycle Shift-Dir - straight line, f/p - river rat
Aim: a river rat (severely wounded, summoned, 57% to hit)
You shoot an arrow. The arrow hits the river rat!
You kill the river rat!
The river rat's corpse disappears in a puff of smoke!
The bat misses you. The white imp gestures at you. The puff of frost hits you.
* * * LOW HITPOINT WARNING * * *
Casting: Flame Wave (astonishingly dangerous; 24% risk of failure)
Confirm with . or Enter, or press ? or * to list all spells.
The spell is astonishingly dangerous to miscast (24% risk of failure)!
Continue anyway?
Casting: Flame Wave (astonishingly dangerous; 24% risk of failure)
Press: ? - help, Dir - look around, f - activate You miscast Flame Wave.
You are caught in a violent explosion!
You die...

..# . ###.######..
#<..........
###.........
##..############
##..#.........#
######b§..........#
.......#5@........#
#......@#§......$.#
#.......#r........#
#.......#.........#
#.......#...5@....#
........#.........#
#########.........#
#######.### .# .


You could see Eustachio, a white imp (summoned) and a bat (summoned).

Vanquished Creatures
  3 adders
  A worm (D:3)
  2 dart slugs
  5 orcs
  3 endoplasms
  4 giant cockroaches
  3 goblins
  6 hobgoblins
  4 jackals (D:2)
  2 quokkas
  4 ball pythons
  5 bats
  4 frilled lizards
  10 kobolds
  10 rats
66 creatures vanquished.

Vanquished Creatures (others)
  68 foxfires
68 creatures vanquished.

Grand Total: 134 creatures vanquished

Notes
Turn   | Place    | Note
-------+----------+-------------------------------------------
     0 | D:1      | PurpleRed the Deep Elf Fire Elementalist began the quest
                  | for the Orb.
     0 | D:1      | Reached XP level 1. HP: 10/10 MP: 6/6
   112 | D:1      | Reached XP level 2. HP: 12/15 MP: 2/8
   115 | D:1      | Learned a level 2 spell: Scorch
   381 | D:2      | Reached XP level 3. HP: 19/19 MP: 10/10
   850 | D:2      | Reached XP level 4. HP: 24/24 MP: 10/12
   855 | D:2      | Learned a level 4 spell: Flame Wave
  1100 | D:3      | Found a burning altar of Makhleb.
  1134 | D:4      | Noticed Eustachio
  1154 | D:4      | Killed by miscasting Flame Wave

Illustrated notes

Levels and vault maps discovered:
D:1:      tekkud_arrival_beachfront_property, layout_rooms
D:2:      kb_forest_paths, layout_basic, roderic_roman_lattice,
          kennysheep_cluttered_room
D:3:      layout_loops_ring, lemuel_doored_altar,
          amethyst_overflow_temple_binary
D:4:      layout_basic, vehumet_statue, minmay_temple_entry_mini_moons,
          serial_shops, nicolae_shop_tiny_statue_garden, uniq_eustachio

Skill      XL: |  1  2  3 |
---------------+----------+-----
Conjurations   | 2 |  2.8
Fire Magic     | 4 |  4.3
Spellcasting   | 4 |  4.4
Dodging        | |  2.4
Stealth        | |  2.4

Action                     |  1- 3 |  4- 6 || total
---------------------------+-------+-------++-------
  Melee: Dagger            |    68 |       ||    68
         Short sword       |    17 |     7 ||    24
   Fire: Longbow           |       |    25 ||    25
   Cast: Foxfire           |    39 |     4 ||    43
         Scorch            |     3 |     5 ||     8
    Use: Potion            |       |     2 ||     2
   Stab: Sleeping          |     5 |       ||     5
         Distracted        |       |     1 ||     1
 Armour: Robe              |    36 |    12 ||    48
  Dodge: Dodged            |    60 |    22 ||    82
